 Dungeon Crawl Stone Soup version 0.28.0-53-g5a82cb258f (console) character file.

Game seed: 5138938668102914369

688 erker the Digger (level 7, 0/61 HPs)
             Began as an Octopode Earth Elementalist on July 22, 2022.
             Succumbed to a water moccasin's poison
             ... on level 5 of the Dungeon.
             The game lasted 00:19:57 (5788 turns).

erker the Digger (Octopode Earth Elementalist)      Turns: 5788, Time: 00:19:57

Health: 0/61       AC: 23    Str:  8    XL:     7   Next: 63%
Magic:  9/10       EV:  2    Int: 19    God:
Gold:   204        SH:  0    Dex: 12    Spells: 3/10 levels left

rFire   + . .      SeeInvis +   b - +2 dagger (flame)
rCold   + . .      Faith    .   (no shield)
rNeg    . . .      Spirit   .   (helmet currently unavailable)
rPois   +          Reflect  .   (no amulet)
rElec   +          Harm     .   u - ring of flight
rCorr   +          Rampage  .   x - ring of see invisible
Will    .....      NoTele   +   (no ring)
Stlth   ++........              (no ring)
HPRegen 0.20/turn               (no ring)
MPRegen 0.12/turn               (no ring)
                                (no ring)
                                (no ring)

@: lethally poisoned (0 -> -4), tree-form, resistant, hasted, very quick
A: stationary, stasis, torment immunity, boosted hp, almost no armour,
(amphibious), 8 rings, (camouflage 1), (gelatinous body 1), (nimble swimmer 1),
(tentacles), passive freeze, sense surroundings 1
a: no special abilities


You were on level 5 of the Dungeon.
You were a tree.
You visited 1 branch of the dungeon, and saw 5 of its levels.

You collected 215 gold pieces.
You spent 11 gold pieces at shops.

Inventory:

Hand Weapons
 a - a +2 short sword of venom
 b - a +2 dagger of flaming (weapon)
 p - a +1 dagger of venom
Missiles
 i - a throwing net
 j - 3 poisoned darts (quivered)
 k - 133 stones
Jewellery
 u - a ring of flight (left branch)
 x - a ring of see invisible (right branch)
Wands
 s - a wand of iceblast (3)
 t - a wand of charming (5)
Scrolls
 d - 3 scrolls of blinking
 e - a scroll of immolation {unknown}
 f - a scroll of enchant armour {unknown}
 g - a scroll of identify
 h - a scroll of brand weapon {unknown}
 n - a scroll of noise {unknown}
 q - a scroll of fear {unknown}
 r - a scroll of teleportation {unknown}
 v - a scroll of fog {unknown}
 w - a scroll of silence {unknown}


   Skills:
 - Level 2.0 Short Blades
 - Level 2.0 Dodging
 - Level 4.0 Stealth
 - Level 2.0 Spellcasting
 + Level 5.3 Transmutations
 - Level 6.0 Earth Magic


You had 3 spell levels left.
You knew the following spells:

 Your Spells              Type           Power      Damage    Failure   Level
a - Sandblast             Erth           48%        2d12      1%          1
p - Petrify               Tmut/Erth      23%        N/A       16%         4
w - Passwall              Tmut/Erth      19%        N/A       2%          2

Your spell library contained the following spells:

 Spells                   Type           Power      Damage    Failure   Level
 Stone Arrow              Conj/Erth      26%        3d8       14%         3
 Slow                     Hex            4%         N/A       17%         1
 Sublimation of Blood     Necr           1%         N/A       26%         2
 Confusing Touch          Hex            1%         N/A       45%         3
 Vampiric Draining        Necr           1%         2d6       45%         3
 Irradiate                Conj/Tmut      6%         3d16      83%         5


Dungeon Overview and Level Annotations

Branches:
Dungeon (5/15)
 Temple: D:4-7

Altars:
Dithmenos
Hepliaklqana
Okawaru
Qazlal
Ru
Vehumet
Xom

Shops:
D:2 !*(!

Annotations:
D:5 exclusion: scorpion


Innate Abilities, Weirdness & Mutations

You are a tree.
Your roots penetrate the ground, keeping you stationary.
You cannot be teleported.
You are immune to unholy pain and torment.
Your maximum health is greatly increased.
You cannot wear most types of armour.
((You are amphibious.))
You can wear up to eight rings at the same time.
((Your skin changes colour to match your surroundings (Stealth+).))
((Your rubbery body absorbs attacks. (AC +1, EV +1)))
((You are camouflaged when in or above water. (Stealth+)))
((You have tentacles for arms and can constrict up to eight enemies at once.))
A frigid envelope surrounds you and freezes all who hurt you.
You passively map a small area around you.


Message History

Unknown command.
Unknown command.
Unknown command.
Unknown command.
Really quaff the potion of mutation?
You feel extremely strange.
You feel robust.
Your skin feels very cold.
You feel a strange attunement to the structure of the dungeons.
* * * LOW HITPOINT WARNING * * *
You feel sick.
Unknown command.
Unknown command.
Unknown command.
Unknown command.
Unknown command.
Unknown command.
You aren't carrying any potions.
You aren't carrying any potions.
You aren't carrying any potions.
You aren't carrying any potions.
As you read the scroll labelled BASHRIU DUVIE, it crumbles to dust.
It is a scroll of identify.
d - 3 scrolls of blinking
* * * LOW HITPOINT WARNING * * *
You feel sick.
Unknown command.
Unknown command.
Unknown command.
Unknown command.
Unknown command.
Unknown command.
Unknown command.
You aren't carrying any potions.
Unknown command.
Unknown command.
Unknown command.
Unknown command.
Unknown command.
Unknown command.
You die...

##### *....#
*....# #....#
###.... #....#
##..†.# #..♣#**
### ##..##
###8######.?.#
#._._.#.[....#
##...##.....###
#≈.≈##.......#
##'##........#
#.#..>......# #
#...........#


There were no monsters in sight!

Vanquished Creatures
  A water moccasin (D:5)
  A scorpion (D:5)
  A water moccasin skeleton (D:4)
  A centaur zombie (D:5)
  A bullfrog zombie (D:5)
  A jelly (D:5)
  2 bullfrog skeletons (D:5)
  3 iguanas
  A scorpion zombie (D:5)
  3 gnolls
  6 adders
  A shadow imp (D:5)
  5 worms (D:2)
  2 dart slugs
  9 orcs
  11 endoplasms
  3 giant cockroaches
  15 goblins
  11 hobgoblins
  3 quokkas
  9 ball pythons
  9 bats
  3 frilled lizards
  7 kobolds
  7 rats
116 creatures vanquished.

Vanquished Creatures (others)
  2 plants (D:2)
2 creatures vanquished.

Grand Total: 118 creatures vanquished

Notes
Turn   | Place    | Note
-------+----------+-------------------------------------------
     0 | D:1      | erker the Octopode Earth Elementalist began the quest for
                  | the Orb.
     0 | D:1      | Reached XP level 1. HP: 11/11 MP: 3/3
   175 | D:1      | Reached XP level 2. HP: 17/17 MP: 5/5
   191 | D:1      | Learned a level 2 spell: Passwall
   343 | D:1      | Reached skill level 1 in Short Blades
   470 | D:1      | Reached XP level 3. HP: 8/21 MP: 0/6
  1167 | D:2      | Found Xapn's Distillery.
  1176 | D:2      | Bought a potion of degeneration for 11 gold pieces
  1181 | D:2      | Found Irum's General Store.
  1391 | D:2      | Reached XP level 4. HP: 26/27 MP: 7/7
  1550 | D:2      | Found Dynaip's Distillery.
  1559 | D:2      | Found Xuamigierch's Antique Weapon Emporium.
  1924 | D:2      | Reached skill level 4 in Earth Magic
  1961 | D:2      | Found a shimmering altar of Xom.
  2741 | D:3      | Reached XP level 5. HP: 31/31 MP: 8/8
  2868 | D:2      | HP: 1/31 [bat (1)]
  3639 | D:3      | Found a shadowy altar of Dithmenos.
  4019 | D:4      | Found a hazy altar of Hepliaklqana.
  4032 | D:4      | Found an iron altar of Okawaru.
  4090 | D:4      | Learned a level 4 spell: Petrify
  4196 | D:4      | Reached XP level 6. HP: 36/36 MP: 6/9
  4782 | D:5      | Entered Level 5 of the Dungeon
  4845 | D:5      | Reached skill level 5 in Earth Magic
  5409 | D:5      | Reached XP level 7. HP: 41/41 MP: 10/10
  5414 | D:5      | Reached skill level 6 in Earth Magic
  5431 | D:5      | Found a radiant altar of Vehumet.
  5755 | D:5      | Found a sacrificial altar of Ru.
  5755 | D:5      | Found a stormy altar of Qazlal.
  5780 | D:5      | Reached skill level 5 in Transmutations
  5780 | D:5      | Gained mutation: You are frail. (-10% HP) [potion of
                  | mutation]
  5784 | D:5      | HP: 2/54 [poisoned by a water moccasin]
  5785 | D:5      | Lost mutation: You are frail. (-10% HP) [potion of
                  | mutation]
  5785 | D:5      | Gained mutation: A frigid envelope surrounds you and
                  | freezes all who hurt you. [potion of mutation]
  5785 | D:5      | Gained mutation: You passively map a small area around you.
                  | [potion of mutation]
  5788 | D:5      | Succumbed to a water moccasin's poison

Illustrated notes

Levels and vault maps discovered:
D:1:      dpeg_arrival_shrine, layout_loops_ring, minivault_4,
          minmay_misc_feat_diagonals
D:2:      layout_basic, basic_altar, serial_shops, nicolae_shop_trees,
          nicolae_shop_advertising_works [nicolae_subvault_shop_adworks],
          nicolae_shop_overgrown_old_shop, shop, interstate_on_off,
          guppyfry_early_orc_mine
D:3:      layout_rooms, grunt_dithmenos_smoke_and_mirrors, minmay_vboxes
D:4:      layout_basic, mainiacjoe_overflow_six_doors_small,
          lemuel_crystal_altar, roderic_roman_lattice, minivault_1,
          grunt_tough_drop
D:5:      layout_rooms, nicolae_vehumet_altar_sigil,
          gammafunk_temple_overflow_statue

Skill      XL: |  1  2  3  4  5  6  7 |
---------------+----------------------+-----
Stealth        | 3 4 |  4.0
Short Blades   | 1 2 |  2.0
Earth Magic    | 4 5 6 |  6.0
Transmutations | 2 4 5 |  5.3
Dodging        | |  2.0
Spellcasting   | |  2.0

Action                   |  1- 3 |  4- 6 |  7- 9 || total
-------------------------+-------+-------+-------++-------
Melee: Dagger            |    49 |   130 |    13 ||   192
       Unarmed           |     3 |       |       ||     3
       Constrict         |    13 |    29 |     3 ||    45
       Tentacles         |    13 |    29 |     6 ||    48
       Punch             |     2 |       |       ||     2
       Short sword       |       |     2 |    13 ||    15
Throw: Dart              |       |     3 |       ||     3
       Throwing net      |       |     1 |       ||     1
 Cast: Sandblast         |    13 |    29 |     4 ||    46
       Passwall          |     3 |     6 |       ||     9
  Use: Potion            |       |     1 |     6 ||     7
       Scroll            |       |       |     1 ||     1
 Stab: Sleeping          |     7 |    18 |     2 ||    27
       Distracted        |     1 |       |       ||     1
Armor: Skin              |     4 |    13 |     1 ||    18
Dodge: Dodged            |    29 |    98 |    34 ||   161
